Map: Alcyone LE

Players

A.I. 1 (Elite)

  • Race: Zerg Zerg
  • Spawn Location: 1:00

winzboy - Winner!

  • Race: Protoss Protoss
  • League: Diamond
  • Spawn Location: 7:00

VOD

Have the link to the VOD?

Description

Time

  • Played on: Oct. 21, 2023, 2:25 a.m.
  • Length: 9:24
Show
View Real Time Build Order
Export as new Build Order

A.I. 1 (Elite) Zerg 

Build Orders: Pool First 

Get SALT Encoding   

  12  0:00  Drone  
  13  0:12  Overlord  
  13  0:16  Drone  
  14  0:31  Drone x2  
  16  0:43  Spawning Pool  
  16  0:45  Drone  
  16  0:49  Drone  
  17  1:13  Hatchery  
  17  1:14  Drone  
  17  1:17  Extractor  
  16  1:20  Drone  
  16  1:24  Drone  
  18  1:28  Drone  
  19  1:38  Overlord  
  19  1:49  Drone  
  19  1:51  Queen  
  22  2:00  Zergling x2  
  23  2:11  Drone  
  24  2:21  Drone  
  25  2:26  Queen  
  25  2:27  Roach Warren  
  26  2:32  Drone  
  27  2:38  Extractor, Drone  
  27  2:44  Overlord  
  27  2:48  Drone  
  27  2:51  Drone  
  29  2:54  Drone  
  29  2:57  Drone  
  30  3:04  Drone  
  31  3:07  Drone  
  31  3:11  Zergling x4  
  34  3:14  Roach  
  34  3:18  Roach  
  38  3:22  Roach  
  38  3:26  Roach  
  42  3:30  Drone  
  42  3:33  Drone  
  44  3:36  Overlord  
  44  3:44  Lair  
  44  3:48  Metabolic Boost  
  44  3:54  Drone  
  44  3:55  Drone  
  46  3:58  Drone  
  46  3:59  Drone  
  46  4:02  Drone  
  49  4:04  Drone  
  49  4:06  Drone  
  51  4:11  Overlord  
  51  4:13  Drone  
  52  4:17  Evolution Chamber  
  52  4:18  Drone  
  52  4:23  Drone, Evolution Chamber  
  52  4:29  Drone x2  
  54  4:32  Drone  
  54  4:34  Drone  
  54  4:36  Drone  
  54  4:38  Drone  
  58  4:44  Infestation Pit, Drone  
  58  4:45  Zerg Missile Weapons Level 1  
  58  4:49  Zerg Ground Armor Level 1  
  58  4:52  Overlord  
  58  4:55  Overlord  
  58  4:57  Drone  
  58  4:59  Zergling x2  
  60  5:10  Drone x2  
  60  5:11  Drone x2  
  60  5:12  Hydralisk Den  
  60  5:13  Drone  
  64  5:20  Overlord  
  64  5:21  Extractor  
  63  5:22  Infestor  
  63  5:24  Extractor, Roach  
  63  5:25  Drone  
  69  5:28  Roach  
  69  5:34  Roach  
  71  5:42  Hydralisk  
  71  5:43  Drone x3, Overlord  
  71  5:44  Overseer  
  71  5:46  Drone  
  71  5:48  Drone  
  76  6:00  Hydralisk  
  78  6:04  Overlord  
  78  6:05  Hatchery  
  78  6:07  Hydralisk  
  79  6:12  Hydralisk  
  79  6:15  Drone  
  82  6:19  Roach  
  82  6:23  Overlord  
  83  6:43  Infestor  
  83  6:45  Zergling x2  
  78  6:49  Zergling x2  
  78  6:51  Roach  
  82  6:54  Roach  
  82  6:58  Hatchery  
  81  7:19  Infestor  
  83  7:25  Roach  
  83  7:31  Zergling x4  
  83  7:33  Zergling x2  
  83  7:34  Hydralisk  
  62  7:46  Roach  
  62  7:48  Roach x2  
  68  7:56  Hydralisk  
  68  8:01  Zergling x2  
  68  8:05  Queen  
  61  8:08  Zergling x2  
  55  8:20  Roach  
  55  8:21  Roach  
  41  8:39  Drone x2  
  9  8:41  Drone  
  3  8:52  Drone  
Show
View Real Time Build Order
Export as new Build Order

winzboy Protoss - Winner!

Build Orders: 1 Gate Expand, Zealot Archon, Archon Drop, Dark Templar Rush 

Get SALT Encoding   

  12  0:01  Probe  
  13  0:18  Probe, Pylon  
  14  0:30  Probe  
  15  0:38  Gateway  
  15  0:43  Assimilator  
  15  0:45  Probe (Chrono Boost)  
  16  0:55  Probe (Chrono Boost)  
  17  1:00  Probe (Chrono Boost)  
  18  1:12  Probe  
  19  1:24  Probe  
  20  1:31  Cybernetics Core  
  20  1:38  Nexus  
  20  1:44  Zealot (Chrono Boost)  
  22  1:58  Pylon  
  22  1:59  Assimilator  
  22  2:04  Probe, Warp Gate (Chrono Boost)  
  23  2:16  Probe  
  24  2:26  Gateway  
  24  2:37  Stalker  
  24  2:39  Twilight Council, Probe  
  27  2:52  Probe  
  27  2:54  Probe  
  29  3:04  Probe  
  29  3:05  Robotics Facility  
  30  3:06  Probe  
  31  3:16  Probe  
  31  3:18  Probe  
  33  3:27  Dark Shrine  
  33  3:28  Probe  
  33  3:31  Probe  
  33  3:33  Adept  
  37  3:40  Probe  
  38  3:43  Probe  
  38  3:44  Pylon  
  39  3:49  Warp Prism (Chrono Boost)  
  39  3:52  Probe  
  42  4:07  Gateway  
  42  4:09  Gateway  
  42  4:11  Probe x2 (Chrono Boost)  
  42  4:13  Pylon  
  44  4:19  Assimilator  
  44  4:21  Assimilator  
  44  4:23  Probe (Chrono Boost)  
  44  4:24  Probe (Chrono Boost)  
  46  4:41  Probe x2  
  46  4:44  Pylon  
  48  4:47  Charge (Chrono Boost)  
  48  4:53  Probe  
  48  4:54  Probe  
  48  4:57  Gateway  
  48  4:58  Gateway  
  50  5:02  Gateway  
  50  5:03  Gateway  
  50  5:05  Probe  
  50  5:06  Probe  
  52  5:16  Dark Templar  
  52  5:17  Dark Templar x2  
  52  5:20  Dark Templar  
  60  5:37  Pylon  
  60  5:39  Pylon  
  60  5:42  Pylon  
  60  6:09  Archon x2  
  60  6:10  Zealot x4, Immortal (Chrono Boost)  
  60  6:11  Zealot x4  
  80  6:42  Immortal  
  72  6:49  Zealot  
  72  6:50  Zealot x6  
  76  6:58  Zealot  
  78  7:11  Dark Templar x5  
  78  7:12  Dark Templar  
  90  7:18  Archon x2  
  90  7:19  Archon  
  90  7:21  Zealot  
  90  7:22  Zealot  
  94  7:29  Immortal  
  86  7:42  Zealot x2  
  90  7:50  Dark Templar x2  
  94  8:07  Archon  
  92  8:19  Zealot x2  
Tags
 
Add a new tag
Caveats
  • Supply blocks, unpowered buildings, or Contaminate may cause inaccurate times.
  • Supply counts are checked every 10 seconds.